Map: Jagannatha LE

Players

Lamo

  • Race: Terran Terran
  • League: Master
  • Spawn Location: 7:00

Nano - Winner!

  • Race: Terran Terran
  • League: Diamond
  • Spawn Location: 1:00

VOD

Have the link to the VOD?

Description

Time

  • Played on: March 20, 2021, 7:05 a.m.
  • Length: 11:12
Show
View Real Time Build Order
Export as new Build Order

Lamo Terran 

Build Orders: 1/1/1, Liberator Opening 

Get SALT Encoding   

  12  0:00  SCV  
  13  0:12  SCV  
  14  0:17  Supply Depot  
  14  0:24  SCV  
  15  0:29  Refinery  
  15  0:38  SCV  
  16  0:46  Barracks  
  16  0:50  SCV  
  17  0:57  Refinery  
  17  1:03  SCV  
  18  1:15  SCV  
  19  1:32  Orbital Command  
  19  1:34  Reaper  
  19  1:39  Factory  
  20  2:00  Supply Depot, SCV  
  21  2:06  Reaper  
  22  2:14  SCV  
  23  2:23  Starport  
  23  2:24  Hellion  
  23  2:26  SCV  
  26  2:34  Supply Depot  
  25  2:38  Reaper  
  25  2:42  SCV  
  27  2:45  Hellion  
  29  2:54  SCV  
  30  3:03  Liberator  
  33  3:07  Hellion  
  33  3:10  Reaper  
  35  3:27  Command Center  
  35  3:30  SCV  
  36  3:36  Supply Depot  
  35  3:50  SCV  
  35  3:53  Supply Depot  
  36  4:02  SCV  
  37  4:09  Liberator  
  40  4:13  Barracks  
  40  4:14  Factory Tech Lab, SCV, Barracks Reactor  
  40  4:29  Barracks  
  40  4:30  Engineering Bay  
  40  4:35  SCV  
  41  4:38  Siege Tank  
  44  4:47  SCV  
  44  4:50  Marine x2  
  47  4:53  Starport Reactor  
  47  4:59  SCV, Orbital Command  
  48  5:11  SCV  
  49  5:16  Marine  
  49  5:17  Barracks Tech Lab  
  50  5:23  SCV  
  50  5:24  Marine, Barracks  
  52  5:29  Factory Tech Lab  
  52  5:31  Terran Infantry Weapons Level 1  
  52  5:33  Marine  
  52  5:34  Marine  
  52  5:35  SCV  
  55  5:38  SCV  
  55  5:42  Marine  
  57  5:47  SCV  
  57  5:49  Stimpack  
  58  5:50  SCV  
  58  5:51  Marine  
  58  5:55  Marine x2  
  62  5:59  SCV  
  62  6:00  Supply Depot  
  62  6:01  Combat Shield  
  62  6:02  SCV  
  64  6:11  Marine x3, SCV  
  64  6:13  Marine  
  64  6:14  SCV  
  64  6:16  Supply Depot  
  70  6:21  Medivac  
  70  6:24  SCV  
  70  6:25  Marine, Supply Depot  
  74  6:26  SCV  
  74  6:30  Marine  
  74  6:32  Marine  
  76  6:36  Marine x2  
  78  6:42  Refinery  
  78  6:46  Marine, Refinery  
  79  6:48  Medivac  
  81  6:54  Marine  
  81  6:55  Marine, Supply Depot  
  81  6:58  Marine x2  
  85  7:04  Marine  
  86  7:12  Marine x2  
  88  7:16  Marine x2  
  88  7:22  Marine  
  87  7:27  Concussive Shells  
  87  7:30  Marine x2  
  87  7:34  Marine x2  
  91  7:38  Siege Tank  
  91  7:40  Marine  
  91  7:43  Barracks x2  
  95  7:48  Marine x2  
  97  7:51  Marine x2  
  97  7:58  Marine, Command Center  
  98  8:05  SCV x2  
  98  8:06  Marine x2  
  98  8:09  Terran Infantry Armor Level 1, Marine  
  98  8:17  SCV  
  98  8:26  Medivac, Armory, Engineering Bay  
  89  8:27  Marine  
  89  8:28  Marine x4  
  89  8:33  Marine x2  
  96  8:45  Marine x3  
  96  8:46  Marine x2  
  101  8:50  SCV  
  102  8:58  Marine  
  102  9:02  Marine  
  102  9:03  Medivac, Marine, SCV x2  
  102  9:07  Marine x3  
  86  9:14  Marine  
  86  9:16  Marine, Siege Tank  
  82  9:20  Marine, SCV x2  
  82  9:21  Marine  
  80  9:25  Marine x3  
  82  9:32  Marine  
  82  9:33  Marine  
  82  9:38  Marine  
  85  9:39  Marine  
  85  9:42  Marine  
  85  9:43  Marine x2  
  87  9:48  Siege Tank  
  87  9:50  Marine  
  87  9:51  Marine  
  92  9:54  SCV  
  92  9:56  Marine x2  
  95  10:00  Marine x3  
  98  10:08  Marine  
  98  10:09  Marine  
  98  10:13  Marine  
  98  10:14  Marine  
  98  10:18  Marine x3  
  98  10:19  SCV x2  
  98  10:20  Siege Tank  
  105  10:26  Marine  
  105  10:27  Marine  
  104  10:31  Marine  
  104  10:32  Marine  
  102  10:36  Marine x3  
  98  10:44  Marine  
  98  10:45  Marine  
  98  10:49  Marine  
  93  10:50  Marine  
  93  10:52  Starport Reactor  
  93  10:54  Marine x3  
Show
View Real Time Build Order
Export as new Build Order

Nano Terran - Winner!

Build Orders: Mech 

Get SALT Encoding   

  12  0:00  SCV  
  13  0:12  SCV  
  14  0:18  Supply Depot  
  14  0:25  SCV  
  14  0:28  Refinery  
  15  0:39  SCV  
  16  0:44  Barracks  
  16  0:51  SCV  
  16  0:55  Refinery  
  17  1:03  SCV  
  18  1:16  SCV  
  19  1:32  Orbital Command, Reaper  
  20  1:36  Factory  
  20  1:45  Supply Depot  
  20  1:59  SCV  
  21  2:04  Reaper  
  22  2:11  SCV  
  23  2:21  Hellion  
  25  2:24  SCV  
  26  2:34  Command Center  
  26  2:39  Barracks Tech Lab  
  26  2:43  Starport, SCV  
  27  2:45  Factory Tech Lab  
  27  2:52  Supply Depot  
  27  2:55  SCV  
  28  3:05  Cyclone  
  31  3:13  SCV  
  31  3:19  Supply Depot  
  32  3:29  SCV  
  32  3:33  Raven  
  35  3:41  SCV  
  35  3:49  Orbital Command  
  35  3:50  Refinery  
  35  3:53  SCV, Refinery  
  35  3:54  Cyclone  
  38  4:06  SCV  
  38  4:20  SCV x2  
  40  4:32  SCV x2  
  40  4:35  Siege Tank  
  45  4:42  Supply Depot  
  45  4:44  SCV  
  46  4:47  Raven  
  46  4:50  SCV  
  46  4:52  Supply Depot  
  49  4:56  SCV  
  50  5:02  SCV  
  50  5:04  Barracks Reactor  
  51  5:07  Supply Depot  
  51  5:08  SCV  
  51  5:09  Siege Tank  
  55  5:14  SCV  
  55  5:20  SCV  
  57  5:26  SCV  
  58  5:32  Factory  
  58  5:34  Factory  
  58  5:46  Siege Tank  
  61  5:51  SCV  
  61  5:53  Supply Depot  
  61  5:54  Supply Depot  
  62  5:57  Viking x2  
  62  6:00  Barracks Reactor  
  62  6:01  SCV  
  67  6:05  SCV  
  68  6:12  Armory  
  68  6:13  SCV  
  68  6:17  SCV  
  70  6:22  Supply Depot  
  70  6:23  Siege Tank  
  73  6:29  Viking x2  
  77  6:39  Engineering Bay  
  77  6:47  Hellion, Siege Tank  
  77  6:48  Hellion  
  77  6:52  Supply Depot  
  84  6:59  Viking  
  86  7:01  Siege Tank  
  89  7:10  Missile Turret  
  89  7:17  Hellion x2  
  89  7:18  Viking  
  95  7:28  Siege Tank  
  98  7:34  Missile Turret  
  98  7:35  Missile Turret, Siege Tank  
  101  7:41  Missile Turret  
  100  8:04  Viking x2, Siege Tank  
  102  8:11  Terran Vehicle Weapons Level 1  
  102  8:12  Supply Depot  
  85  8:24  Siege Tank  
  85  8:25  Hellion  
  90  8:36  Hellion  
  92  8:50  Siege Tank  
  92  8:51  Viking x2  
  84  9:15  Siege Tank  
  82  9:22  Hellion x2, Siege Tank  
  83  9:27  Supply Depot x2  
  83  9:40  Viking x2  
  87  9:46  Hellion x2  
  87  9:47  Siege Tank  
  94  9:55  Siege Tank  
  97  10:10  Viking  
  96  10:24  Liberator  
  96  10:28  Siege Tank  
Tags
 
Composition
Mech
Matchup
TvT
Race
Terran
Spawn Locations
Cross Positions
Add a new tag
Caveats
  • Supply blocks, unpowered buildings, or Contaminate may cause inaccurate times.
  • Supply counts are checked every 10 seconds.